 Dungeon Crawl Stone Soup version 0.30-a0-986-g7f2e898f52 (webtiles) character file.

Game seed: 4545450408978838667

37 DeathPants the Magician (level 3, 0/18 HPs)
             Began as a Vine Stalker Hedge Wizard on Apr 1, 2023.
             Slain by a bullfrog (1 damage)
             ... on level 3 of the Dungeon.
             The game lasted 00:04:43 (1488 turns).

DeathPants the Magician (Vine Stalker Hedge Wizard) Turns: 1488, Time: 00:04:44

Health: 0/18       AC:  6    Str: 12 (14) XL:     3   Next: 39%
Magic:  0/8        EV: 10    Int: 12 (14) God:
Gold:   143        SH:  0    Dex: 11 (13) Spells: 7/8 levels left

rFire   . . .      SeeInvis .    a - +0 dagger
rCold   + . .      Faith    .    (no shield)
rNeg    . . .      Spirit   +    n - +1 ring mail {rC+}
rPois   .          Reflect  .    c - +0 hat
rElec   .          Rampage  .    (no cloak)
rCorr   .                        (no gloves)
Will    .....                    (no boots)
Stlth   +                        (no amulet)
HPRegen 0.23/turn                (no ring)
MPRegen 0.11/turn                (no ring)

@: no status effects
A: fangs 2, magic shield, antimagic bite, no potion heal 2
a: no special abilities


You were on level 3 of the Dungeon.
You visited 1 branch of the dungeon, and saw 4 of its levels.

You collected 143 gold pieces.

Inventory:

Hand Weapons
 a - a +0 dagger (weapon)
Missiles
 e - 4 poisoned darts
 q - 2 boomerangs
Armour
 c - a +0 hat (worn)
 f - a +0 leather armour
 n - a +1 ring mail of cold resistance (worn)
Magical Staves
 k - a staff of death
Scrolls
 b - a scroll of immolation {unknown}
 g - a scroll of vulnerability {unknown}
 h - 2 scrolls of brand weapon {unknown}
 j - a scroll of poison {unknown}
 l - 4 scrolls of identify {unknown}
 m - a scroll of fear {unknown}
 o - a scroll of magic mapping {unknown}
 p - a scroll of blinking {unknown}
Potions
 d - a potion of magic
 i - a potion of degeneration


   Skills:
 + Level 1.3 Fighting
 + Level 1.2 Armour
 + Level 2.1 Dodging
 - Level 2.4 Stealth
 - Level 3.2 Spellcasting
 - Level 1.0 Conjurations
 - Level 1.0 Summonings
 - Level 1.0 Translocations


You had 7 spell levels left.
You knew the following spells:

 Your Spells              Type           Power      Damage    Failure   Level
a - Magic Dart            Conj           16%        1d3       36%         1

Your spell library contained the following spells:

 Spells                   Type           Power      Damage    Failure   Level
 Slow                     Hex            4%         N/A       50%         1
 Blink                    Tloc           8%         N/A       50%         2
 Call Imp                 Summ           4%         N/A       50%         2
 Cigotuvi's Dreadful Rot  Necr/Pois/Air  2%         N/A       63%         2
 Mephitic Cloud           Conj/Pois/Air  2%         N/A       82%         3


Dungeon Overview and Level Annotations

Branches:
Dungeon (4/15)
 Temple: D:4-7

Altars:
Cheibriados

Shops:
D:4 [


Innate Abilities, Weirdness & Mutations

You have extremely sharp teeth.
When hurt, damage is shared between your health and your magic reserves.
Your bite disrupts and absorbs the magic of your enemies.
Potions cannot restore your health.


Message History

You are very lightly contaminated with residual magic.
Nothing appears to happen.
The bullfrog hits you.
You closely miss the bullfrog.
The bullfrog hits you but does no damage.
The bullfrog hits you.
You closely miss the bullfrog. Your bite misses the bullfrog.
The bullfrog hits you!
You barely miss the bullfrog. You bite the bullfrog. You drain its power.
You feel invigorated.
The bullfrog is lightly wounded.
The bullfrog hits you. x2
* * * LOW HITPOINT WARNING * * *
You closely miss the bullfrog.
The bullfrog is lightly wounded.
The bullfrog closely misses you.
You closely miss the bullfrog. Your bite misses the bullfrog.
The bullfrog is lightly wounded.
The bullfrog hits you. The bullfrog barely misses you.
You closely miss the bullfrog.
You bite the bullfrog, but do no damage.
The bullfrog is lightly wounded.
The bullfrog hits you but does no damage.
Your magical contamination has completely faded away.
You closely miss the bullfrog.
You bite the bullfrog, but do no damage.
The bullfrog is lightly wounded.
The bullfrog hits you but does no damage.
The bullfrog hits you.
* * * LOW HITPOINT WARNING * * *
You closely miss the bullfrog. You punch the bullfrog.
The bullfrog is lightly wounded.
The bullfrog hits you.
* * * LOW HITPOINT WARNING * * *
It was a potion of degeneration.
There was something very wrong with that liquid.
You feel weakened.
You feel dopey.
You feel clumsy.
The bullfrog hits you but does no damage.
The bullfrog hits you.
You die...

...##..#.###.................
................##.###.######
.......#.#########.###.#
.###....... ....#.# #
...#...#.### ##.....##.#
##.#........ #........
#.......#.#######.....#
#.......#.#...........#
#.......#.....>@F.....#
#.......#......##.###.#
#..........)...##.# #
#.##.##.#$.....##.#
#.##.##.#.........# #.
#.##.#......#...# #.
####.#......##.....
#........##.##.. ###........
. .


You could see a bullfrog.

Vanquished Creatures
  2 bats
  3 endoplasms
  A giant cockroach (D:1)
  6 goblins (D:1)
  3 hobgoblins (D:1)
  2 jackals (D:1)
  5 kobolds
  A quokka (D:1)
  2 ball pythons (D:1)
  3 frilled lizards
  4 rats
32 creatures vanquished.

Notes
Turn   | Place    | Note
-------+----------+-------------------------------------------
     0 | D:1      | DeathPants the Vine Stalker Hedge Wizard began the quest
                  | for the Orb.
     0 | D:1      | Reached XP level 1. HP: 9/9 MP: 5/5
   157 | D:1      | Reached XP level 2. HP: 9/14 MP: 4/7
   333 | D:1      | Reached skill level 1 in Fighting
   345 | D:1      | Reached skill level 1 in Armour
   591 | D:1      | Reached XP level 3. HP: 14/18 MP: 5/8
   917 | D:2      | Found a snail-covered altar of Cheibriados.
  1451 | D:4      | Found Dahis's Armour Boutique.
  1473 | D:3      | Noticed a bullfrog
  1488 | D:3      | Slain by a bullfrog

Illustrated notes

Levels and vault maps discovered:
D:1:      psy_arrival_terrarium, layout_basic, minmay_tromino_v4_c
D:2:      layout_rooms, basic_altar, chequers_serial_rivers_small_a
D:3:      layout_basic, marbit_many_paths, minmay_misc_feat_ornament,
          minmay_fractal_squares_5
D:4:      layout_loops_ring, minmay_temple_entry_overgrown, serial_shops,
          nicolae_shop_behind_doors, nicolae_diamond_shop, shop_fountains,
          nicolae_lakefront_shop, nicolae_stop_n_shop_1, uniq_eustachio

Skill      XL: |  1  2 |
---------------+-------+-----
Fighting       | 1 |  1.3
Armour         | 1 |  1.2
Dodging        | 2 |  2.1
Stealth        | |  2.4
Spellcasting   | |  3.2
Conjurations   | |  1.0
Summonings     | |  1.0
Translocations | |  1.0

Action                     || total
---------------------------++-------
  Melee: Dagger            ||   106
         Bite              ||    25
         Punch             ||     1
    Use: Potion            ||     1
   Stab: Sleeping          ||     2
 Armour: Leather armour    ||    13
         Robe              ||     1
         Ring mail         ||     5
  Dodge: Dodged            ||    60

Table legend: (Time is in decaauts)
 A = Elapsed time spent in this place.
 B = Non-inter-level travel time spent in this place.
 C = Inter-level travel time spent in this place.
 D = Time resting spent in this place.
 E = Time spent auto-exploring this place.
 F = Levels seen in this place.
 G = Mean time per level.
                   A        B        C        D        E       F      G
               +--------+--------+--------+--------+--------+-----+--------+
         Total |   1492 |   1453 |     39 |      0 |    974 |   4 |  373.0 |
       Dungeon |   1492 |   1453 |     39 |      0 |    974 |   4 |  373.0 |
               +--------+--------+--------+--------+--------+-----+--------+

Top non-repeatable levels by time:
     D:1: 893 daAuts
     D:2: 461 daAuts
     D:3: 122 daAuts
     D:4: 14 daAuts
